 Dungeon Crawl Stone Soup version 0.30-a0-359-gd0147acb1a (webtiles) character file.

Game seed: 13369148461540009126

6245 experimilk the Destroyer (level 10, -7/109 HPs)
             Began as a Grey Draconian Conjurer on Nov 12, 2022.
             Was a Priest of Vehumet.
             Mangled by a vampire
             ... wielding a +1 vampiric halberd
              (8 damage)
             ... in a bailey.
             The game lasted 00:36:32 (8901 turns).

experimilk the Destroyer (Grey Draconian Conjurer)  Turns: 8901, Time: 00:36:33

Health: -7/109     AC: 14    Str: 10    XL:     10   Next: 62%
Magic:  3/18       EV: 12    Int: 28    God:    Vehumet [***...]
Gold:   188        SH:  0    Dex: 16    Spells: 4/20 levels left

rFire   . . .      SeeInvis .    y - +1 rapier (drain)
rCold   . . .      Faith    .    (no shield)
rNeg    . . .      Spirit   .    (body armour unavailable)
rPois   .          Reflect  .    (helmet restricted)
rElec   .          Harm     .    j - +0 cloak
rCorr   .          Rampage  .    q - +0 pair of gloves
Will    .....                    (no boots)
Stlth   ..........               b - amulet of magic regeneration
HPRegen 0.38/turn                u - +6 ring of intelligence
MPRegen 0.56/turn                I - +6 ring of dexterity

@: berserking, studying Transmutations, very quick
A: AC +12, amphibious, unfitting armour, cold-blooded
a: Renounce Religion


You were in a bailey.
You worshipped Vehumet.
Vehumet was most pleased with you.
You visited 2 branches of the dungeon, and saw 10 of its levels.
You also visited: Ossuary and Bailey.

You collected 429 gold pieces.
You spent 241 gold pieces at shops.

Inventory:

Hand Weapons
 d - a +1 quarterstaff
 y - a +1 rapier of draining (weapon)
 K - a +4 scimitar
Missiles
 C - 2 throwing nets
Armour
 j - a +0 cloak (worn)
 q - a +0 pair of gloves (worn)
 M - a +1 pair of gloves of strength
Jewellery
 b - an amulet of magic regeneration (around neck)
 u - a +6 ring of intelligence (left hand)
 I - a +6 ring of dexterity (right hand)
 L - a ring of wizardry
Wands
 a - a wand of light (15)
 c - a wand of mindburst (14)
 A - a wand of charming (11)
Scrolls
 f - a scroll of fear
 g - a scroll of vulnerability
 h - a scroll of enchant weapon
 l - a scroll of magic mapping
 n - 4 scrolls of fog
 o - 3 scrolls of immolation
 p - a scroll of poison
 r - 7 scrolls of teleportation
 t - a scroll of summoning {unknown}
 D - a scroll of enchant armour {unknown}
 F - a scroll of blinking {unknown}
Potions
 e - a potion of attraction
 k - a potion of might
 s - 3 potions of mutation
 v - 2 potions of flight
 w - 2 potions of haste
 x - a potion of brilliance
 z - 2 potions of cancellation
 B - a potion of ambrosia {unknown}
 E - 2 potions of resistance {unknown}
 G - a potion of magic
 H - 2 potions of invisibility {unknown}
 J - a potion of lignification


   Skills:
 - Level 2.0 Fighting
 - Level 2.0 Dodging
 - Level 1.7 Stealth
 + Level 5.7 Spellcasting
 + Level 14.6 Conjurations
 * Level 4.8 Earth Magic


You had 4 spell levels left.
You knew the following spells:

 Your Spells              Type           Power      Damage    Failure   Level
a - Momentum Strike       Conj/Tloc      96%        3d10      1%          2
b - Searing Ray           Conj           100%       2d8       0%          2
c - Iskenderun's Mystic   Conj/Tloc      48%        2d11      1%          4
q - Apportation           Tloc           16%        N/A       6%          1
v - Magic Dart            Conj           100%       1d8       0%          1
x - Dazzling Flash        Conj/Hex       96%        N/A       1%          3
z - Stone Arrow           Conj/Erth      100%       3d13      1%          3

Your spell library contained the following spells:

 Spells                   Type           Power      Damage    Failure   Level
 Frozen Ramparts          Ice            16%        1d3       5%          3
 Hailstorm                Conj/Ice       48%        3d11      1%          3
 Flame Wave               Conj/Fire      48%        2d12      1%          4
 Fulminant Prism          Conj/Hex       24%        3d12      1%          4
 Sticky Flame             Conj/Fire      48%        2d7       1%          4
 Inner Flame              Hex/Fire       8%         N/A       5%          3
 Kindle Blastsparks       Fire/Tloc/Air  16%        2d11      5%          3
 Ice Form                 Ice/Tmut       8%         N/A       52%         4
 Lee's Rapid Deconstruct  Erth           17%        3d11*     7%          5
 Alistair's Intoxication  Tmut/Pois      5%         N/A       86%         5
 Simulacrum               Ice/Necr       4%         N/A       100%        6


Dungeon Overview and Level Annotations

Branches:
Dungeon (9/15)             Temple (1/1) D:4            Lair (0/5) D:8
Ossuary (visited)          Bailey (1/1)
    Orc: D:9-12

Altars:
Dithmenos
Elyvilon
Fedhas
Gozag
Kikubaaqudgha
Makhleb
Nemelex Xobeh
Okawaru
Qazlal
Ru
Sif Muna
Trog
Uskayaw
Vehumet
Wu Jian
Xom
Yredelemnul
Zin
The Shining One

Shops:
D:3 !   D:6 (   D:8 !

Annotations:
D:7 2 transporters, LutherGrant's ghost, novice VSFi


Innate Abilities, Weirdness & Mutations

Your dull iron-grey scales are very hard. (AC +12)
You are amphibious.
You cannot fit into any form of body armour.
You are cold-blooded and may be slowed by cold attacks.


Message History

* * * LOW HITPOINT WARNING * * *
Unknown command.
Unknown command.
Casting: Stone Arrow (safe; 1% risk of failure)
Confirm with . or Enter, or press ? or * to list all spells.
Aiming: Stone Arrow (safe; 1% risk of failure)
Press: ? - help, Shift-Dir - straight line The stone arrow hits something!
Something hits you.
* * * LOW HITPOINT WARNING * * *
Unknown command.
Casting: Stone Arrow (safe; 1% risk of failure)
Confirm with . or Enter, or press ? or * to list all spells.
Aiming: Stone Arrow (safe; 1% risk of failure)
Press: ? - help, Shift-Dir - straight line The stone arrow hits something.
Something hits you.
* * * LOW HITPOINT WARNING * * *
Unknown command.
Casting: Stone Arrow (safe; 1% risk of failure)
Confirm with . or Enter, or press ? or * to list all spells.
Aiming: Stone Arrow (safe; 1% risk of failure)
Press: ? - help, Shift-Dir - straight line Something hits you but does no damage.
Unknown command.
Aiming: Bolt of Light
Press: ? - help, Q - select action, (/) - cycle Shift-Dir - straight line Something hits you!
* * * LOW HITPOINT WARNING * * *
Unknown command.
You feel better. Something hits you but does no damage.
A red film seems to cover your vision as you go berserk!
You feel yourself moving faster!
You feel mighty! Something hits you!
* * * LOW HITPOINT WARNING * * *
You feel a strong urge to attack something.
Something hits you.
* * * LOW HITPOINT WARNING * * *
Something bites you.
* * * LOW HITPOINT WARNING * * *
Something draws strength from your injuries!
You hit something. Something hits you!
You die...

###### ##..=8##
##{@..!!##
#8..##..8#
#..####..# #..#
##..########
#...##...#8......
##......##.....
##....##...#######
###''##...##....8#
#.........#......#+


There were no monsters in sight!

Vanquished Creatures
  A two-headed ogre (D:8)
  Grinder (D:5)
  A vampire (D:9)
  6 yaks (D:8)
  A wyvern (D:6)
  Menkaure (D:5)
  3 water moccasins
  2 orc warriors
  2 sky beasts
  2 black bears (D:6)
  An ice beast (D:6)
  The ghost of Maxmaps the Trooper, an amateur OpMo (D:6)
  2 centaurs
  A phantom (D:5)
  A kobold brigand (D:8)
  3 gnoll sergeants (D:6)
  A bullfrog (D:7)
  2 scorpions
  A necrophage (D:5)
  4 wights (D:8)
  11 killer bees (D:7)
  A howler monkey (D:6)
  8 vampire bats (Bailey)
  6 wolf zombies (Bailey)
  2 centaur zombies (Ossuary)
  3 jellies
  7 orc priests
  A gnoll bouda (D:6)
  2 hounds (D:5)
  2 human zombies (Ossuary)
  6 iguanas
  7 orc wizards
  3 mummies (Ossuary)
  10 adders
  12 gnolls
  A shadow imp (D:7)
  A white imp (D:7)
  An ufetubus (D:3)
  4 dart slugs
  34 orcs
  5 bats
  2 endoplasms
  4 giant cockroaches
  9 goblins
  7 hobgoblins
  14 kobolds
  2 quokkas
  4 ball pythons
  4 frilled lizards
  A gnoll zombie (Ossuary)
  A goblin zombie (Ossuary)
  A kobold zombie (Ossuary)
  17 orc zombies
  7 rats
237 creatures vanquished.

Vanquished Creatures (others)
  A wraith (D:7)
  An orc wizard (D:8)
  An orc (D:7)
  13 plants
16 creatures vanquished.

Grand Total: 253 creatures vanquished

Notes
Turn   | Place    | Note
-------+----------+-------------------------------------------
     0 | D:1      | experimilk the Draconian Conjurer began the quest for the
                  | Orb.
     0 | D:1      | Reached XP level 1. HP: 14/14 MP: 3/3
   342 | D:1      | Reached XP level 2. HP: 20/20 MP: 3/5
   345 | D:1      | Learned a level 2 spell: Searing Ray
   804 | D:1      | Learned a level 1 spell: Apportation
   934 | D:2      | Reached skill level 5 in Conjurations
   934 | D:2      | Reached XP level 3. HP: 26/26 MP: 2/6
  1419 | D:2      | Found a faded altar of an unknown god.
  1480 | D:2      | Reached XP level 4. HP: 33/33 MP: 5/7
  1797 | D:3      | Learned a level 3 spell: Dazzling Flash
  1805 | D:3      | Found Situos Ciycs's Distillery.
  1810 | D:3      | Bought a potion of heal wounds for 65 gold pieces
  1833 | D:3      | Reached skill level 6 in Conjurations
  2377 | D:4      | Noticed a scorpion
  2393 | D:4      | Killed a scorpion
  2394 | D:4      | Reached XP level 5. HP: 34/38 MP: 2/8
  2473 | D:4      | Found a sand-covered staircase.
  2481 | Ossuary  | Entered an ossuary
  2504 | Ossuary  | Reached skill level 7 in Conjurations
  2549 | Ossuary  | Reached XP level 6. HP: 44/45 MP: 3/9
  3120 | D:4      | Reached skill level 8 in Conjurations
  3295 | D:4      | Found a staircase to the Ecumenical Temple.
  3346 | Temple   | Entered the Ecumenical Temple
  3546 | Temple   | Became a worshipper of Vehumet
  3681 | D:5      | Entered Level 5 of the Dungeon
  3831 | D:5      | Noticed Grinder
  3835 | D:5      | Your scales start taking on a dull iron-grey colour.
  3835 | D:5      | Reached XP level 7. HP: 36/50 MP: 6/10
  3848 | D:5      | Noticed Menkaure
  3854 | D:5      | Killed Menkaure
  3855 | D:5      | Reached skill level 9 in Conjurations
  4062 | D:5      | Paralysed by Grinder for 3 turns
  4072 | D:5      | Killed Grinder
  4073 | D:5      | Reached skill level 10 in Conjurations
  4080 | D:5      | Reached XP level 8. HP: 43/57 MP: 2/11
  4133 | D:5      | Learned a level 4 spell: Iskenderun's Mystic Blast
  4515 | D:6      | Reached skill level 11 in Conjurations
  4580 | D:6      | Reached * piety under Vehumet
  4580 | D:6      | Offered knowledge of Kiss of Death by Vehumet.
  4678 | D:6      | Reached skill level 12 in Conjurations
  4756 | D:6      | Identified the +0 scale mail of Isuuteinoe {Str+2 Dex+3}
  4805 | D:6      | Noticed Maxmaps's ghost (amateur OpMo)
  4842 | D:6      | Reached skill level 1 in Fighting
  4842 | D:6      | Reached XP level 9. HP: 34/64 MP: 6/12
  5005 | D:6      | Found Neojicw's Weapon Boutique.
  5075 | D:6      | Found a transporter.
  5075 | D:6      | Found a transporter.
  5142 | D:6      | Identified the ring "Lycuutz" {+Blink Fly Stlth+}
  5352 | D:6      | Killed Maxmaps's ghost
  5833 | D:7      | Reached skill level 13 in Conjurations
  6041 | D:7      | Offered knowledge of Momentum Strike by Vehumet.
  6058 | D:7      | Learned a level 2 spell: Momentum Strike
  6069 | D:7      | Reached ** piety under Vehumet
  6506 | D:7      | Found a transporter.
  6825 | D:7      | Found an iron altar of Okawaru.
  6887 | D:7      | Found a transporter.
  6887 | D:7      | Noticed LutherGrant's ghost (novice VSFi)
  6995 | D:8      | Reached skill level 14 in Conjurations
  7195 | D:8      | Reached XP level 10. HP: 73/73 MP: 9/16
  7215 | D:8      | Offered knowledge of Stone Arrow by Vehumet.
  7231 | D:8      | Learned a level 3 spell: Stone Arrow
  7361 | D:8      | Reached skill level 5 in Spellcasting
  7361 | D:8      | Reached skill level 1 in Earth Magic
  7643 | D:8      | Found Getigrodgh's Distillery.
  7647 | D:8      | Bought a potion of cancellation for 128 gold pieces
  7647 | D:8      | Bought a potion of lignification for 48 gold pieces
  7672 | D:8      | Noticed a two-headed ogre
  7678 | D:8      | Killed a two-headed ogre
  7969 | D:8      | Found a staircase to the Lair.
  8416 | D:9      | Found a flagged portal.
  8419 | D:9      | Reached *** piety under Vehumet
  8426 | Bailey   | Entered a bailey
  8594 | Bailey   | Offered knowledge of Frozen Ramparts by Vehumet.
  8897 | Bailey   | HP: 3/73 [something (11)]
  8900 | Bailey   | HP: 1/109 [something (1)]
  8901 | Bailey   | Mangled by a vampire

Illustrated notes

Levels and vault maps discovered:
D:1:      minmay_arrival_checkered_box, layout_loops_ring,
          dreamdust_princess_corridor
D:2:      minmay_razor_zed, layout_basic, nicolae_ecumenical_lake_church
D:3:      layout_loops_cross, serial_shops, nicolae_shop_hallway_plus,
          minmay_misc_feat_five
D:4:      layout_rooms, minmay_temple_entry_glass, nicolae_ossuary_entry_plus
D:5:      layout_rooms, uniq_menkaure, uniq_grinder
D:6:      layout_rooms, serial_shops, nicolae_shop_bloodbath_and_beyond,
          gammafunk_ghost_gnarly_gnolls
D:7:      layout_rooms, okawaru_altar_gauntlet_db, gammafunk_ghost_arena,
          serial_bayou_pond_a
D:8:      layout_cave_pods, lair_entry_dummy, serial_shops, kennysheep_mini
D:9:      layout_loops_cross, enter_bailey_4, corexii_corridor_pit, the_hattery
Temple:   roderic_octagonal_lattice_temple
Bailey:   bailey_polearm_vampire_castle_hellmonk, bailey

Skill      XL: |  1  2  3  4  5  6  7  8  9 10 |
---------------+-------------------------------+-----
Conjurations   | 5 6 7 8 10 12 14 | 14.6
Fighting       | 1 2 |  2.0
Spellcasting   | 4 5 |  5.7
Dodging        | 2 |  2.0
Earth Magic    | 4 |  4.8
Stealth        | |  1.7

Action                   |  1- 3 |  4- 6 |  7- 9 | 10-12 || total
-------------------------+-------+-------+-------+-------++-------
Melee: Quarterstaff      |       |     1 |    17 |     3 ||    21
       Rapier            |       |       |       |     4 ||     4
       Tailslap          |       |       |       |     2 ||     2
       Punch             |       |       |       |     1 ||     1
 Cast: Magic Dart        |    50 |    30 |    91 |    18 ||   189
       Searing Ray       |    16 |    37 |    76 |     4 ||   133
       Apportation       |     1 |       |       |       ||     1
       Dazzling Flash    |       |       |     3 |       ||     3
       Iskenderun's Myst |       |       |    15 |    12 ||    27
       Momentum Strike   |       |       |     5 |     4 ||     9
       Stone Arrow       |       |       |       |    56 ||    56
Evoke: Wand              |       |       |       |     2 ||     2
  Use: Scroll            |     5 |     8 |     2 |     2 ||    17
       Potion            |       |       |     9 |     3 ||    12
 Stab: Invisible         |       |       |     1 |       ||     1
Armor: Skin              |     1 |    18 |    57 |    24 ||   100
Dodge: Dodged            |     1 |    22 |    75 |    32 ||   130

Table legend: (Time is in decaauts)
 A = Elapsed time spent in this place.
 B = Non-inter-level travel time spent in this place.
 C = Inter-level travel time spent in this place.
 D = Time resting spent in this place.
 E = Time spent auto-exploring this place.
 F = Levels seen in this place.
 G = Mean time per level.
                   A        B        C        D        E       F      G
               +--------+--------+--------+--------+--------+-----+--------+
         Total |   8911 |   8659 |    252 |   2763 |   4101 |  12 |  742.6 |
       Dungeon |   7619 |   7384 |    235 |   2106 |   3909 |   9 |  846.6 |
        Temple |    218 |    201 |     17 |      0 |    173 |   1 |  218.0 |
       Ossuary |    598 |    598 |      0 |    395 |      0 |   1 |  598.0 |
        Bailey |    475 |    475 |      0 |    262 |     19 |   1 |  475.0 |
               +--------+--------+--------+--------+--------+-----+--------+

Top non-repeatable levels by time:
     D:6: 1590 daAuts
     D:8: 1402 daAuts
     D:7: 962 daAuts
     D:2: 942 daAuts
     D:1: 824 daAuts
     D:5: 767 daAuts
 Ossuary: 598 daAuts
     D:3: 558 daAuts
     D:4: 538 daAuts
  Bailey: 475 daAuts
  Temple: 218 daAuts
     D:9: 32 daAuts
